 Dungeon Crawl Stone Soup version 0.31-a0-1616-gbeaec30b81 (webtiles) character file.

Game seed: 2302363760827595142

3761 gruber the Slicer (level 10, -4/47 HPs)
             Began as a Vine Stalker Fighter on Jan 10, 2024.
             Was a Follower of Hepliaklqana.
             Slain by a manticore (6 damage)
             ... on level 8 of the Dungeon.
             The game lasted 00:07:33 (6380 turns).

gruber the Slicer (Vine Stalker Fighter)            Turns: 6380, Time: 00:07:34

Health: -4/47      AC:  7    Str: 20    XL:     10   Next: 15%
Magic:  0/17       EV:  9    Int: 11    God:    Hepliaklqana [*.....]
Gold:   475        SH:  5    Dex: 17    Spells: 9/9 levels left

rFire   . . .        s - +5 dagger "Conservator" {flame, rElec Int+3}
rCold   . . .        c - +0 buckler
rNeg    + . .        b - +0 scale mail
rPois   .            (no helmet)
rElec   +            j - +0 cloak
rCorr   .            (no gloves)
SInv    .            (no boots)
Will    +....        D - amulet of regeneration
Stlth   +++          n - ring of positive energy
HPRegen 1.87/turn    (no ring)
MPRegen 0.15/turn

%: guardian spirit
@: spiked
A: reduced essence, fangs 3, regeneration 1, magic shield, antimagic bite, no
potion heal 2
a: Renounce Religion, Recall Ancestor, Ancestor Identity


You were on level 8 of the Dungeon.
You worshipped Hepliaklqana.
Hepliaklqana was aware of your devotion.
You visited 2 branches of the dungeon, and saw 9 of its levels.

You collected 475 gold pieces.

Inventory:

Hand Weapons
 s - the +5 dagger "Conservator" (weapon) {flame, rElec Int+3}
   (You found it on level 4 of the Dungeon)

   Int+3:     It affects your intelligence (+3).
   rElec:     It insulates you from electricity.
Armour
 b - a +0 scale mail (worn)
 c - a +0 buckler (worn)
 j - a +0 cloak (worn)
 z - +0 swamp dragon scales
Jewellery
 n - a ring of positive energy (left hand)
 t - a ring of ice
 D - an amulet of regeneration (around neck)
Wands
 p - a wand of acid (5)
 y - a wand of flame (11)
Scrolls
 a - 3 scrolls of teleportation {unknown}
 e - a scroll of blinking {unknown}
 l - 2 scrolls of fear {unknown}
 o - 6 scrolls of identify {unknown}
 q - a scroll of vulnerability {unknown}
 u - a scroll of immolation {unknown}
 v - 5 scrolls of enchant armour {unknown}
 w - a scroll of silence {unknown}
 A - a scroll of revelation {unknown}
 B - a scroll of poison {unknown}
Potions
 d - a potion of might
 f - a potion of resistance {unknown}
 g - 5 potions of curing {unknown}
 h - 3 potions of cancellation {unknown}
 i - 2 potions of heal wounds {unknown}
 k - 3 potions of mutation {unknown}
 m - 4 potions of invisibility {unknown}
 r - a potion of enlightenment {unknown}
 x - a potion of degeneration {unknown}
 C - 3 potions of berserk rage {unknown}
 F - a potion of brilliance {unknown}
Miscellaneous
 E - a lightning rod (4/4)


   Skills:
 + Level 5.7 Fighting
 - Level 8.0 Short Blades
 - Level 2.4 Armour
 - Level 8.0 Stealth
 - Level 2.6 Shields
 - Level 8.0 Invocations


You had 9 spell levels left.
You didn't know any spells.
Your spell library contained the following spells:

 Spells                   Type           Power      Damage    Failure   Level
 Summon Small Mammal      Summ           0%         N/A       78%         1
 Mercury Vapours          Alch/Air       0%         N/A       89%         2
 Call Canine Familiar     Summ           0%         N/A       98%         3
 Hailstorm                Conj/Ice       0%         3d5       98%         3
 Mephitic Cloud           Conj/Alch/Air  0%         N/A       98%         3
 Summon Ice Beast         Ice/Summ       0%         N/A       98%         3
 Summon Blazeheart Golem  Fire/Summ      0%         N/A       100%        4
 Freezing Cloud           Conj/Ice/Air   0%         6-21      100%        5
 Sculpt Simulacrum        Ice/Alch       0%         N/A       100%        6
 Haunt                    Necr/Summ      0%         N/A       100%        7
 Borgnjor's Revivificati  Necr           0%         N/A       100%        8
 Death's Door             Necr           0%         N/A       100%        9


Dungeon Overview and Level Annotations

Branches:
Dungeon (8/15)             Temple (1/1) D:5
   Lair: D:8-11

Altars:
Ashenzari
Cheibriados
Elyvilon
Fedhas
Hepliaklqana
Kikubaaqudgha
Makhleb
Nemelex Xobeh
Okawaru
Qazlal
Ru
Sif Muna
Trog
Uskayaw
Vehumet
Wu Jian
Xom
Yredelemnul
Zin
The Shining One


Innate Abilities, Weirdness & Mutations

Your life essence is reduced to manifest your ancestor. (-10% HP)
You have razor-sharp teeth.
Your natural rate of healing is unusually fast.
When hurt, damage is shared between your health and your magic reserves.
Your bite disrupts and absorbs the magic of your enemies.
Potions cannot restore your health.


Message History

The manticore flicks its tail.
The volley of spikes misses you.
The manticore flicks its tail.
The volley of spikes skewers you!
The barbed spikes become lodged in your body.
Tihomir closely misses the manticore.
The manticore flicks its tail.
The volley of spikes skewers you!
The barbed spikes become lodged in your body.
Tihomir hits the manticore.
Tihomir barely misses the manticore.
The manticore flicks its tail.
The volley of spikes skewers you!!
The barbed spikes become lodged in your body.
* * * LOW HITPOINT WARNING * * *
Tihomir barely misses the manticore.
You are too injured to fight recklessly!
You are too injured to fight recklessly!
You are too injured to fight recklessly!
You puncture the manticore! You burn the manticore.
You bite the manticore, but do no damage.
The manticore is moderately wounded.
Tihomir barely misses the manticore.
You hit the manticore but do no damage. You bite the manticore!
You drain its power.
You feel invigorated.
The manticore is heavily wounded.
The manticore bites you!!
* * * LOW HITPOINT WARNING * * *
The manticore closely misses you. The manticore claws you.
* * * LOW HITPOINT WARNING * * *
You hit the manticore. You burn the manticore. You bite the manticore.
You drain its power.
You feel invigorated.
The manticore is severely wounded.
Tihomir hits the manticore!
You barely miss the manticore.
The manticore is almost dead.
The manticore bites you!
* * * LOW HITPOINT WARNING * * *
The manticore claws you!
You die...

)........#
.........#####
.........'...#
.........###.#
.........# #.#
.........# #.#
....)....###.######
..##....?##......#
# #..@..#######.#
..$.!..H........#.#
......R........>#.#
+####.....#####R#.#
......##......#
..?....##.##.###
........##.....#
.....#########..#
#..#


You could see the friendly Tihomir the ancestor and a manticore (ally target).

Vanquished Creatures
  Maggie (D:6)
  Grinder (D:3)
  A raiju (D:7)
  Sigmund (D:2)
  A steam dragon (D:7)
  A sky beast (D:7)
  3 black bears
  An ice beast (D:7)
  4 ogres (D:5)
  A phantom (D:5)
  3 bullfrogs (D:6)
  A gnoll sergeant (D:7)
  2 scorpions
  4 killer bees (D:7)
  3 electric eels (D:7)
  5 hounds
  4 jellies
  3 bombardier beetles
  An orc priest (D:5)
  2 sleepcaps
  6 iguanas
  2 orc wizards (D:5)
  6 gnolls
  13 adders
  2 shadow imps
  4 white imps
  2 ufetubi (D:5)
  2 dart slugs (D:3)
  7 orcs (D:5)
  5 ball pythons
  A bat (D:1)
  8 endoplasms
  5 giant cockroaches
  6 goblins
  6 hobgoblins
  5 jackals
  8 quokkas
  4 frilled lizards
  6 kobolds
  10 rats
151 creatures vanquished.

Vanquished Creatures (collateral kills)
  A raiju (D:7)
  A black bear (D:7)
  2 electric eels (D:7)
  A gnoll (D:7)
5 creatures vanquished.

Vanquished Creatures (others)
  2 ancestors (D:7)
2 creatures vanquished.

Grand Total: 158 creatures vanquished

Notes
Turn   | Place    | Note
-------+----------+-------------------------------------------
     0 | D:1      | gruber the Vine Stalker Fighter began the quest for the
                  | Orb.
     0 | D:1      | Reached XP level 1. HP: 11/11 MP: 2/2
   100 | D:1      | Reached XP level 2. HP: 16/16 MP: 3/3
   546 | D:2      | Reached XP level 3. HP: 19/19 MP: 4/4
   809 | D:2      | Noticed Sigmund
   822 | D:2      | Killed Sigmund
   823 | D:2      | Reached skill level 5 in Short Blades
   823 | D:2      | Reached XP level 4. HP: 18/23 MP: 5/5
   823 | D:2      | Reached XP level 5. HP: 21/27 MP: 6/6
  1215 | D:2      | Reached XP level 6. HP: 32/32 MP: 7/7
  1355 | D:3      | Found a faded altar of an unknown god.
  1420 | D:3      | Noticed Grinder
  1430 | D:3      | Paralysed by Grinder for 2 turns
  1445 | D:3      | Killed Grinder
  1580 | D:3      | Reached XP level 7. HP: 35/35 MP: 8/8
  1861 | D:3      | Found a glowing silver altar of Zin.
  2420 | D:4      | Identified the +5 dagger "Conservator" {flame, rElec Int+3}
  2487 | D:4      | Found the +7 staff of the Meek {protect, meekguard}
  2882 | D:5      | Entered Level 5 of the Dungeon
  2959 | D:5      | Found a snail-covered altar of Cheibriados.
  2969 | D:5      | Reached skill level 1 in Stealth
  2981 | D:5      | Gained mutation: You have razor-sharp teeth. [Vine Stalker
                  | growth]
  2981 | D:5      | Reached XP level 8. HP: 39/39 MP: 9/9
  3144 | D:5      | Found a broken altar of Ashenzari.
  3206 | D:5      | Reached skill level 5 in Stealth
  3294 | D:5      | Found a staircase to the Ecumenical Temple.
  3432 | Temple   | Entered the Ecumenical Temple
  3501 | Temple   | Became a worshipper of Hepliaklqana the Forgotten
  3662 | D:5      | Found an iron altar of Okawaru.
  3982 | D:5      | Reached skill level 1 in Invocations
  4291 | D:6      | Reached XP level 9. HP: 43/43 MP: 12/12
  4696 | D:6      | Reached skill level 5 in Invocations
  4743 | D:6      | Noticed Maggie
  4767 | D:6      | Killed Maggie
  4870 | D:6      | Reached * piety under Hepliaklqana
  5306 | D:7      | Found Udwann's Antique Armour Boutique.
  5834 | D:7      | Reached XP level 10. HP: 23/45 MP: 8/17
  5917 | D:7      | Reached skill level 5 in Fighting
  6241 | D:8      | Noticed a manticore
  6380 | D:8      | HP: 2/47 [manticore (3)]
  6380 | D:8      | Slain by a manticore

Illustrated notes

Levels and vault maps discovered:
D:1:      tarquinn_simple_flora_water_e, layout_rooms, grunt_decor_resistance
D:2:      layout_loops_ring, uniq_sigmund
D:3:      layout_basic, zin_statuary, shapermc_ecumenical_altar_rom_forum,
          serial_forest, infiniplex_forest_3_way, infiniplex_forest_end_3,
          infiniplex_forest_clump_curved, infiniplex_forest_straight_2,
          infiniplex_forest_end_2, infiniplex_forest_clump_curved,
          infiniplex_forest_zigzag_1, infiniplex_forest_lined_room_2,
          infiniplex_forest_lined_2, uniq_grinder
D:4:      layout_basic, minmay_cupped
D:5:      minmay_inner_zag, layout_loops_ring, mainiacjoe_overflow_alcove_1,
          nicolae_ashenzari_skybound, minmay_temple_entry_waves,
          minmay_ruined_shrine
D:6:      layout_basic, gup_sewer_entry_bubbles, uniq_maggie
D:7:      layout_basic, serial_glass, glass_columns_b, glass_columns_a,
          serial_shops, nicolae_square_shop, nicolae_have_a_lightning_rod
D:8:      layout_basic, dreamdust_wishing_well, item_on_display_a, uniq_joseph
Temple:   minmay_temple_bridge_d

Skill      XL: |  1  2  3  4  5  6  7  8  9 10 |
---------------+-------------------------------+-----
Short Blades   | 2 3 5 6 8 |  8.0
Stealth        | 2 8 |  8.0
Invocations    | 3 8 |  8.0
Fighting       | 4 5 |  5.7
Armour         | |  2.4
Shields        | |  2.6

Action                     |  1- 3 |  4- 6 |  7- 9 | 10-12 || total
---------------------------+-------+-------+-------+-------++-------
  Melee: Rapier            |    52 |       |       |       ||    52
         Bite              |    16 |    22 |   114 |     8 ||   160
         Dagger            |    34 |    45 |   334 |    27 ||   440
   Stab: Sleeping          |       |       |    11 |       ||    11
         Distracted        |       |       |     2 |       ||     2
 Armour: Scale mail        |    53 |    11 |   154 |    28 ||   246
  Dodge: Dodged            |    19 |    14 |    88 |     7 ||   128
  Block: Buckler           |    14 |     5 |    54 |     1 ||    74

Table legend: (Time is in decaauts)
 A = Elapsed time spent in this place.
 B = Non-inter-level travel time spent in this place.
 C = Inter-level travel time spent in this place.
 D = Time resting spent in this place.
 E = Time spent auto-exploring this place.
 F = Levels seen in this place.
 G = Mean time per level.
                   A        B        C        D        E       F      G
               +--------+--------+--------+--------+--------+-----+--------+
         Total |   6273 |   5854 |    419 |    105 |   4731 |   9 |  697.0 |
       Dungeon |   6134 |   5852 |    282 |    105 |   4731 |   8 |  766.8 |
        Temple |    138 |      1 |    137 |      0 |      0 |   1 |  138.0 |
               +--------+--------+--------+--------+--------+-----+--------+

Top non-repeatable levels by time:
     D:6: 1122 daAuts
     D:5: 1115 daAuts
     D:7: 874 daAuts
     D:3: 853 daAuts
     D:4: 745 daAuts
     D:2: 706 daAuts
     D:1: 543 daAuts
     D:8: 173 daAuts
  Temple: 138 daAuts
